 Dungeon Crawl Stone Soup version 0.28-a0-1524-ge72afd5fc6 (webtiles) character file.

Game seed: 8113201081249202330

28 psuckher the Sneak (level 3, -1/30 HPs)
             Began as a Barachi Delver on Jan 17, 2022.
             Was an Initiate of Nemelex Xobeh.
             Slain by a gnoll (4 damage)
             ... on level 5 of the Dungeon.
             The game lasted 00:03:17 (826 turns).

psuckher the Sneak (Barachi Delver)                  Turns: 826, Time: 00:03:17

Health: -1/30      AC:  3    Str: 15    XL:     3   Next: 12%
Magic:  3/3        EV: 12    Int: 10    God:    Nemelex Xobeh [......]
Gold:   16         SH:  0    Dex: 13    Spells: 2/2 levels left

rFire   . . .      SeeInvis .   a - +0 short sword
rCold   . . .      Faith    .   (no shield)
rNeg    . . .      Spirit   .   b - +0 leather armour
rPois   .          Reflect  .   (no helmet)
rElec   .          Harm     .   (no cloak)
rCorr   .          Rampage  .   (no gloves)
Will    .....                   (no boots)
Stlth   +++.......              (no amulet)
HPRegen 0.10/turn               (no ring)
MPRegen 0.08/turn               (no ring)

@: slow
A: amphibious, slowness 1, strong legs 1, +LOS
a: Hop, Renounce Religion, Draw Escape, Draw Destruction, Draw Summoning


You were on level 5 of the Dungeon.
You worshipped Nemelex Xobeh.
Nemelex Xobeh was noncommittal.
You visited 1 branch of the dungeon, and saw 1 of its levels.

You collected 16 gold pieces.

Inventory:

Hand Weapons
 a - a +0 short sword (weapon)
Armour
 b - a +0 leather armour (worn)
Wands
 g - a wand of digging (3)
Scrolls
 c - a scroll of fog
 e - a scroll of fear
Potions
 f - a potion of haste


   Skills:
 + Level 3.8 Fighting
 + Level 2.3 Short Blades
 + Level 0.5 Armour
 + Level 2.2 Dodging
 + Level 5.1 Stealth


You had 2 spell levels left.
You didn't know any spells.
Your spell library was empty.

Dungeon Overview and Level Annotations

Branches:
Dungeon (5/15)
 Temple: D:4-7

Altars:
Makhleb
Nemelex Xobeh
Vehumet


Innate Abilities, Weirdness & Mutations

You are amphibious.
You cover ground slowly.
You can hop short distances.
You have an extended range of vision and can be seen from far away.


Message History

The gnoll barely misses you.
You hit the gnoll.
The gnoll is heavily wounded.
The gnoll hits you with a +0 spear.
You hit the gnoll but do no damage.
The gnoll is heavily wounded.
The gnoll barely misses you.
You hit the gnoll.
You kill the gnoll!
You have reached level 3!
Your experience leads to an increase in your attributes!
Increase (S)trength, (I)ntelligence, or (D)exterity?
You feel stronger. x2
You hit the gnoll but do no damage. The gnoll closely misses you.
You hit the gnoll.
The gnoll is moderately wounded.
The gnoll hits you with a +0 club.
You hit the gnoll.
The gnoll is heavily wounded.
The gnoll hits you with a +0 club.
You closely miss the gnoll.
The gnoll is heavily wounded.
The gnoll hits you with a +0 club.
* * * LOW HITPOINT WARNING * * *
You hit the gnoll.
The gnoll is severely wounded.
The gnoll hits you with a +0 club.
* * * LOW HITPOINT WARNING * * *
You hit the gnoll.
The gnoll is almost dead.
The gnoll closely misses you.
You closely miss the gnoll.
The gnoll is severely wounded.
The gnoll closely misses you.
The gnoll shouts!
You completely miss the gnoll.
The gnoll is severely wounded.
The gnoll hits you with a +0 club.
You die...
Your body disappears without a glow.

#..........#######.≈..≈≈
#..≈≈≈≈≈≈≈...)..........
#.≈≈≈≈≈≈...############.
*#.≈≈_....8.#..........#.
*..≈≈≈≈≈≈...#.########.#.
*...≈≈≈≈≈≈≈.#.#......#.#.
*...........#.#.####.#.#.
#.##.####g#.#.#........#.
#......g@...#.######.###.
###########.#.# #.#<#.
#.#.# #.#.#. #.#.# #.#.#.
#.#.# #...#.
#.#.##########.
#.#............
#.#############
#..............


You could see 2 gnolls.

Vanquished Creatures
  2 gnolls (D:5)
  An adder (D:5)
3 creatures vanquished.

Notes
Turn   | Place    | Note
-------+----------+-------------------------------------------
     0 | D:5      | psuckher the Barachi Delver began the quest for the Orb.
     0 | D:5      | Reached XP level 1. HP: 18/18 MP: 1/1
    37 | D:5      | Noticed an ogre
    38 | D:5      | Found a burning altar of Makhleb.
    38 | D:5      | Found a sparkling altar of Nemelex Xobeh.
    39 | D:5      | Noticed an iguana
    62 | D:5      | Became a worshipper of Nemelex Xobeh the Trickster
   100 | D:5      | Noticed an iguana
   130 | D:5      | Noticed a vampire
   158 | D:5      | Noticed an ogre
   514 | D:5      | Found a radiant altar of Vehumet.
   531 | D:5      | Reached XP level 2. HP: 4/25 MP: 2/2
   787 | D:5      | Reached skill level 5 in Stealth
   819 | D:5      | Reached XP level 3. HP: 15/30 MP: 3/3
   826 | D:5      | Slain by a gnoll

Illustrated notes

Levels and vault maps discovered:
D:5:      layout_basic, mainiacjoe_overflow_catch_the_wave,
          mainiacjoe_overflow_catwalk, mainiacjoe_overflow_brackets,
          kennysheep_generic_room_5

Skill      XL: |  1  2 |
---------------+-------+-----
Stealth        | 5 |  5.1
Fighting       | |  3.8
Short Blades   | |  2.3
Armour         | |  0.5
Dodging        | |  2.2

Action                   || total
-------------------------++-------
Melee: Short sword       ||    26
  Use: Scroll            ||     1
 Stab: Sleeping          ||     1
Armor: Leather armour    ||     4
Dodge: Dodged            ||    12

Table legend: (Time is in decaauts)
 A = Elapsed time spent in this place.
 B = Non-inter-level travel time spent in this place.
 C = Inter-level travel time spent in this place.
 D = Time resting spent in this place.
 E = Time spent auto-exploring this place.
 F = Levels seen in this place.
 G = Mean time per level.
                   A        B        C        D        E       F      G
               +--------+--------+--------+--------+--------+-----+--------+
         Total |    983 |    523 |    460 |      0 |      0 |   1 |  983.0 |
       Dungeon |    983 |    523 |    460 |      0 |      0 |   1 |  983.0 |
               +--------+--------+--------+--------+--------+-----+--------+

Top non-repeatable levels by time:
     D:5: 983 daAuts
